 Dungeon Crawl Stone Soup version 0.23.2 (webtiles) character file.

Game seed: 3283081445338386274

83 Leeroy the Conjurer (level 4, 0/35 HPs)
             Began as a Draconian Conjurer on Apr 13, 2019.
             Was a Plaything of Xom.
             Succumbed to poison (poison gas)
             ... on level 2 of the Dungeon.
             The game lasted 00:05:49 (1268 turns).

Leeroy the Conjurer (Draconian Conjurer)            Turns: 1268, Time: 00:05:49

Health: 0/35       AC:  5    Str: 16    XL:     4   Next: 22%
Magic:  6/7        EV: 17    Int: 16    God:    Xom [....*.]
Gold:   29         SH:  0    Dex: 16    Spells: 1/7 levels left

rFire    . . .     SeeInvis .   o - +2 hand axe (flame)
rCold    . . .     Gourm    .   (no shield)
rNeg     . . .     Faith    .   (armour unavailable)
rPois    .         Spirit   .   (helmet restricted)
rElec    .         Reflect  .   (no cloak)
rCorr    .         Harm     .   (no gloves)
MR       .....                  (no boots)
Stlth    +++.......             (no amulet)
HPRegen  0.11/turn              (no ring)
MPRegen  0.10/turn              (no ring)

@: mighty, agile, lethally poisoned (0 -> -13), flying
A: unfitting armour, cold-blooded, AC +5
a: Renounce Religion


You were on level 2 of the Dungeon.
You worshipped Xom.
You were a beloved toy of Xom.
You were not hungry.

You visited 1 branch of the dungeon, and saw 2 of its levels.

You collected 29 gold pieces.

Inventory:

Hand Weapons
 c - a +0 short sword
 e - a +0 hunting sling
 l - a +0 short sword
 n - a +0 dagger
 o - a +2 hand axe of flaming (weapon)
 r - a +0 hunting sling
Missiles
 d - 110 stones (quivered)
 k - 20 arrows
Armour
 i - a +0 ring mail
 j - a +0 buckler
Scrolls
 g - a scroll of identify
 h - 2 scrolls of blinking {unknown}
 m - a scroll of immolation
 p - 2 scrolls of teleportation {unknown}
Potions
 s - a potion of flight
Comestibles
 a - 5 chunks of flesh
 b - 3 rations


   Skills:
 - Level 1.0 Fighting
 - Level 1.7 Dodging
 - Level 1.7 Stealth
 - Level 2.0 Spellcasting
 + Level 5.6 Conjurations


You had one spell level left.
You knew the following spells:

 Your Spells              Type           Power        Failure   Level  Hunger
a - Magic Dart            Conj           ###.         1%          1    #......
b - Searing Ray           Conj           ###...       3%          2    ###....
c - Dazzling Spray        Conj/Hex       ##....       21%         3    ###....

Your spell library contained the following spells:

 Spells                   Type           Power        Failure   Level  Hunger
 Iskenderun's Mystic Bla  Conj           ###.....     21%         4    #####..
 Force Lance              Conj/Tloc      ##......     54%         4    #####..
 Fulminant Prism          Conj/Hex       ##........   54%         4    #####..


Dungeon Overview and Level Annotations

Branches:
Dungeon (2/15)

Altars:
Xom


Innate Abilities, Weirdness & Mutations

Your plain brown scales are hard. (AC +5)
You cannot fit into any form of body armour.
You are cold-blooded and may be slowed by cold attacks.


Message History

You feel sick.
It was a potion of agility.
You feel agile all of a sudden.
* * * LOW HITPOINT WARNING * * *
You feel sick.
It was a potion of might.
You feel very mighty all of a sudden.
* * * LOW HITPOINT WARNING * * *
You feel sick.
As you read the scroll labeled CITEIV KOAM, it crumbles to dust.
It is a scroll of identify.
m - a scroll of immolation
* * * LOW HITPOINT WARNING * * *
You feel sick.
* * * LOW HITPOINT WARNING * * *
You feel sick.
* * * LOW HITPOINT WARNING * * *
You feel sick.
You die...
Xom is highly amused!

#.#.. .
#.#.#..##
#.####.#
..#.#.#
#§...#.#
..#.
###....# ..#
#(°####.#
#..#
#.......#
#.##
#...##...
####...## .
..........@+
.######.####
#.. ### . #
# ##.# ...#
#### #. #...
#...


There were no monsters in sight!

Vanquished Creatures
  Terence (D:2)
  2 adders (D:2)
  A worm (D:2)
  A dart slug (D:1)
  A leopard gecko (D:1)
  A ball python (D:1)
  6 bats
  2 giant cockroaches (D:2)
  3 goblins
  3 hobgoblins
  A jackal (D:1)
  A quokka (D:2)
  2 frilled lizards
  5 kobolds
  4 rats
34 creatures vanquished.

Notes
Turn   | Place    | Note
-------+----------+-------------------------------------------
     0 | D:1      | Leeroy the Draconian Conjurer began the quest for the Orb.
     0 | D:1      | Reached XP level 1. HP: 14/14 MP: 3/3
    80 | D:1      | Reached skill level 1 in Fighting
   126 | D:1      | Reached XP level 2. HP: 23/23 MP: 5/5
   154 | D:1      | Found a shimmering altar of Xom.
   167 | D:1      | Became a worshipper of Xom of Chaos
   371 | D:1      | XOM is BORED!
   371 | D:1      | XOM: harmless Pois miscast
   400 | D:1      | XOM: divination: detect items
   459 | D:1      | XOM: divination: magic mapping
   479 | D:1      | XOM: harmless Tmut miscast
   486 | D:1      | HP: 1/23 [kobold (2)]
   592 | D:1      | Learned a level 2 spell: Searing Ray
   988 | D:2      | Reached XP level 3. HP: 24/28 MP: 6/6
   996 | D:2      | Learned a level 3 spell: Dazzling Spray
  1023 | D:2      | Noticed Terence
  1030 | D:2      | Killed Terence
  1030 | D:2      | Reached skill level 5 in Conjurations
  1145 | D:2      | Reached XP level 4. HP: 32/35 MP: 4/7
  1257 | D:2      | XOM is BORED!
  1257 | D:2      | XOM: medium Air miscast
  1267 | D:2      | HP: 1/35 [poison (poison gas)]
  1268 | D:2      | Succumbed to poison (poison gas)

Skill      XL: |  1  2  3 |
---------------+----------+-----
Fighting       | 1 |  1.0
Conjurations   | 5 |  5.6
Dodging        | |  1.7
Stealth        | |  1.7
Spellcasting   | |  2.0

Action                   |  1- 3 |  4- 6 || total
-------------------------+-------+-------++-------
Melee: Short sword       |    61 |       ||    61
       Tailslap          |     6 |       ||     6
       Hand axe          |    11 |     7 ||    18
 Cast: Magic Dart        |    19 |       ||    19
       Searing Ray       |     1 |     2 ||     3
  Use: Potion            |       |     3 ||     3
       Scroll            |       |     1 ||     1
 Stab: Sleeping          |     1 |       ||     1
  Eat: Chunk             |     1 |     1 ||     2
Armor: Skin              |    37 |     3 ||    40
Dodge: Dodged            |    98 |     2 ||   100
